 Dungeon Crawl Stone Soup version 0.29-a0-338-g1ff7896281 (webtiles) character file.

Game seed: 10008695869909885441

3063 Murumi the Fighter (level 9, -8/85 HPs)
             Began as a Demigod Fighter on Apr 18, 2022.
             Killed by divine providence
             ... invoked by an orc priest
              (14 damage)
             ... on level 7 of the Dungeon.
             The game lasted 00:21:13 (9383 turns).

Murumi the Fighter (Demigod Fighter)                Turns: 9383, Time: 00:21:14

Health: -8/85      AC: 14    Str: 27    XL:     9   Next: 32%
Magic:  11/11      EV: 11    Int: 16    God:
Gold:   105        SH:  7    Dex: 21    Spells: 8/8 levels left

rFire   . . .      SeeInvis .   a - +1 long sword (venom)
rCold   . . .      Faith    .   c - +1 buckler
rNeg    . . .      Spirit   .   g - +0 chain mail
rPois   .          Reflect  .   y - +0 helmet
rElec   .          Harm     .   k - +0 cloak
rCorr   .          Rampage  .   r - +0 pair of gloves
Will    .....                   e - +0 pair of boots
Stlth   ..........              (no amulet)
HPRegen 0.24/turn               h - +6 ring of strength
MPRegen 0.12/turn               t - +6 ring of intelligence

@: studying Fighting
A: high MP 1, forlorn, divine attributes
a: no special abilities


You were on level 7 of the Dungeon.
You visited 1 branch of the dungeon, and saw 7 of its levels.

You collected 370 gold pieces.
You spent 265 gold pieces at shops.

Inventory:

Hand Weapons
 a - a +1 long sword of venom (weapon)
Missiles
 m - 3 throwing nets (quivered)
Armour
 c - a +1 buckler (worn)
 e - a +0 pair of boots (worn)
 g - a +0 chain mail (worn)
 k - a +0 cloak (worn)
 r - a +0 pair of gloves (worn)
 y - a +0 helmet (worn)
Jewellery
 h - a +6 ring of strength (left hand)
 t - a +6 ring of intelligence (right hand)
Wands
 s - a wand of iceblast (16)
Scrolls
 n - 3 scrolls of blinking
 o - a scroll of amnesia
 q - 2 scrolls of teleportation
 C - 2 scrolls of magic mapping
Potions
 b - 2 potions of heal wounds
 d - 2 potions of might
 f - 3 potions of invisibility
 i - a potion of haste
 j - a potion of brilliance
 l - 3 potions of mutation
 p - a potion of berserk rage
 u - 2 potions of flight
 v - a potion of resistance
 w - 2 potions of attraction
 A - a potion of magic {unknown}
 B - a potion of ambrosia {unknown}


   Skills:
 - Level 10.0 Fighting
 + Level 5.2 Long Blades
 - Level 5.0 Armour
 - Level 5.0 Dodging
 - Level 3.0 Stealth
 - Level 5.0 Shields
 - Level 2.0 Evocations


You had 8 spell levels left.
You didn't know any spells.
Your spell library was empty.

Dungeon Overview and Level Annotations

Branches:
Dungeon (7/15)             Temple (0/1) D:6

Shops:
D:7 *[*!


Innate Abilities, Weirdness & Mutations

You have an increased reservoir of magic. (+10% MP)
You shall have no god before yourself.
Your divine heritage dramatically boosts your attributes as you level up.


Message History

Unknown command.
You hit the orc priest.
The orc priest is moderately wounded.
The orc priest closely misses you. You block the yak's attack.
The yak closely misses you.
You hit the orc priest.
The orc priest is poisoned.
The orc priest is moderately wounded.
The yak closely misses you.
The orc priest mumbles some strange prayers to Beogh against you.
Beogh smites you! You block the yak's attack.
The orc priest calls down the wrath of Beogh upon you.
Pain shoots through your body!
You hit the orc priest.
The orc priest looks as sick as possible!
The orc priest is severely wounded.
The yak gores you but does no damage. The yak gores you.
You block the orc priest's attack.
You hit the orc priest.
The orc priest looks as sick as possible!
The orc priest is almost dead.
You kill the orc priest!
The yak closely misses you. x2; The yak gores you! x2
The yak barely misses you.
The orc priest looks braver for a moment.
The yak attacks as you move away! The yak barely misses you.
The yak attacks as you move away! You block the yak's attack.
The yak attacks as you move away! You block the yak's attack.
The yak gores you.
The yak looks more healthy.
The orc priest mumbles some strange prayers to Beogh against you.
Beogh smites you!
* * * LOW HITPOINT WARNING * * *
The yak attacks as you move away! The yak closely misses you.
The yak attacks as you move away! You block the yak's attack.
The yak attacks as you move away! The yak gores you!
* * * LOW HITPOINT WARNING * * *
A scorpion comes into view.
The orc priest mumbles some strange prayers to Beogh against you.
Beogh smites you!
You die...

...#######.
#..#####+##........##
..o<.......
+.........#........#
...........
#.........#........#
...........
#.........÷........#
...##......
#o.Yo##...#.)......# ###
......##...Y##...#........#
......#....Y#....#.....÷..#
.....#....Y##...#.....<..#
.....#....@##...#........#
#...)......#........# ###
##....##...#......(.# ...
#....##...#........# ...
#.........+........# ...
#.........#........# ...
+.........#........# ...
#.....s...# ... ...#


You could see 4 yaks, a scorpion (wandering), an orc priest and an orc.

Vanquished Creatures
  A troll (D:6)
  Grinder (D:2)
  A steam dragon (D:6)
  Menkaure (D:7)
  2 water moccasins
  A sky beast (D:6)
  2 ogres
  4 phantoms
  2 bullfrogs
  2 necrophages
  5 scorpions
  5 wights
  A howler monkey (D:7)
  4 hounds
  3 orc priests
  A jelly (D:6)
  Crazy Yiuf (D:2)
  2 gnoll shamans (D:6)
  Natasha (thrice) (D:3)
  2 iguanas
  4 orc wizards
  8 adders
  7 gnolls
  2 ufetubi
  2 worms
  10 orcs
  12 ball pythons
  9 bats
  3 endoplasms
  6 giant cockroaches
  10 hobgoblins
  4 jackals
  A quokka (D:3)
  2 frilled lizards
  2 goblins (D:2)
  10 kobolds
  9 rats
145 creatures vanquished.

Vanquished Creatures (others)
  21 plants (D:6)
21 creatures vanquished.

Grand Total: 166 creatures vanquished

Notes
Turn   | Place    | Note
-------+----------+-------------------------------------------
     0 | D:1      | Murumi the Demigod Fighter began the quest for the Orb.
     0 | D:1      | Reached XP level 1. HP: 18/18 MP: 3/3
   345 | D:1      | Reached skill level 3 in Fighting
   345 | D:1      | Reached XP level 2. HP: 26/26 MP: 4/4
   749 | D:2      | Reached skill level 1 in Dodging
   864 | D:2      | Reached skill level 1 in Stealth
   864 | D:2      | Reached XP level 3. HP: 21/31 MP: 5/5
  1514 | D:2      | Found a runed translucent door.
  1515 | D:2      | Noticed Crazy Yiuf
  2062 | D:2      | Killed Crazy Yiuf
  2063 | D:2      | Reached XP level 4. HP: 9/38 MP: 6/6
  2354 | D:3      | Noticed Grinder
  2383 | D:2      | Killed Grinder
  2384 | D:2      | Reached XP level 5. HP: 6/45 MP: 7/7
  2692 | D:3      | Found a large runed translucent door.
  2695 | D:3      | Found a large runed translucent door.
  2726 | D:3      | Reached XP level 6. HP: 41/51 MP: 8/8
  3197 | D:3      | Noticed Natasha
  3203 | D:3      | Reached skill level 4 in Fighting
  3213 | D:3      | Killed Natasha
  3758 | D:3      | Noticed Natasha
  3769 | D:3      | Killed Natasha
  4223 | D:3      | Noticed Natasha
  4229 | D:3      | Killed Natasha
  4914 | D:4      | Identified a scroll of acquirement
  4914 | D:4      | Acquired a manual of Fighting
  5072 | D:4      | Reached XP level 7. HP: 59/59 MP: 9/9
  5190 | D:4      | Reached skill level 1 in Evocations
  5318 | D:4      | Reached skill level 5 in Fighting
  5542 | D:4      | Identified the +0 leather armour "Saceah" {rC+++ MP+9}
  6090 | D:5      | Entered Level 5 of the Dungeon
  6105 | D:5      | Reached skill level 6 in Fighting
  6202 | D:5      | Reached skill level 7 in Fighting
  6274 | D:5      | Reached skill level 8 in Fighting
  6274 | D:5      | Reached XP level 8. HP: 74/74 MP: 10/10
  7108 | D:6      | Reached skill level 9 in Fighting
  7172 | D:6      | Found a staircase to the Ecumenical Temple.
  7176 | D:6      | Identified the +5 ring mail of the Resonant God {+Inv}
  7183 | D:6      | Reached skill level 5 in Long Blades
  7712 | D:6      | Reached skill level 5 in Shields
  7720 | D:6      | Noticed a troll
  7721 | D:6      | HP: 3/70 [wight/+0 short sword (9)]
  8168 | D:6      | Reached skill level 5 in Dodging
  8168 | D:6      | Reached XP level 9. HP: 58/81 MP: 11/11
  8339 | D:6      | Reached skill level 5 in Armour
  9022 | D:7      | Noticed Menkaure
  9045 | D:7      | Killed Menkaure
  9257 | D:7      | Found Ufusan's Assorted Antiques.
  9284 | D:7      | Found Tynnog's Antique Armour Boutique.
  9289 | D:7      | Found Pifirim's General Store.
  9290 | D:7      | Found Hotz's Distillery.
  9297 | D:7      | Reached skill level 10 in Fighting
  9298 | D:7      | Bought a scroll labelled KUOPHAULOTH for 27 gold pieces
  9298 | D:7      | Bought a scroll of identify for 54 gold pieces
  9298 | D:7      | Bought an orange potion for 24 gold pieces
  9298 | D:7      | Bought a scroll of identify for 54 gold pieces
  9298 | D:7      | Bought a metallic emerald potion for 24 gold pieces
  9302 | D:7      | Bought a scroll of magic mapping for 38 gold pieces
  9302 | D:7      | Bought a scroll of identify for 22 gold pieces
  9302 | D:7      | Bought a scroll of identify for 22 gold pieces
  9383 | D:7      | Killed from afar by an orc priest

Illustrated notes

Levels and vault maps discovered:
D:1:      minmay_arrival_checkered_box, layout_loops_cross
D:2:      layout_loops_ring, hellmonk_ecumenical_altar_heavens_door,
          grunt_ministairs_8, hex_large, minmay_misc_feat_roman,
          uniq_crazy_yiuf_cottage
D:3:      layout_loops_ring, jmf_multi_god_temple2, minivault_14,
          kennysheep_decorative_pillar, uniq_natasha, uniq_grinder
D:4:      layout_layer_cave, kennysheep_cross_room
D:5:      layout_gridville
D:6:      layout_gridville, temple_statues, amcnicky_mini_corridor_feature,
          nicolae_grassy_gnolls
D:7:      layout_gridville, minmay_shop_grid_forest, uniq_maggie, uniq_joseph,
          uniq_menkaure

Skill      XL: |  1  2  3  4  5  6  7  8  9 |
---------------+----------------------------+-----
Long Blades    | 2 3 4 5 |  5.2
Shields        | 3 4 5 |  5.0
Fighting       | 3 4 8 9 10 | 10.0
Armour         | 3 4 5 |  5.0
Dodging        | 1 2 3 4 5 |  5.0
Stealth        | 1 2 3 |  3.0
Evocations     | 1 2 |  2.0

Action                   |  1- 3 |  4- 6 |  7- 9 || total
-------------------------+-------+-------+-------++-------
Melee: Long sword        |   133 |   154 |   254 ||   541
  Use: Scroll            |     5 |     7 |    10 ||    22
       Potion            |       |       |     1 ||     1
Armor: Chain mail        |    76 |    56 |   108 ||   240
       Scale mail        |     2 |       |       ||     2
Dodge: Dodged            |    47 |    56 |   118 ||   221
Block: Buckler           |    30 |    36 |    96 ||   162

Table legend: (Time is in decaauts)
 A = Elapsed time spent in this place.
 B = Non-inter-level travel time spent in this place.
 C = Inter-level travel time spent in this place.
 D = Time resting spent in this place.
 E = Time spent auto-exploring this place.
 F = Levels seen in this place.
 G = Mean time per level.
                   A        B        C        D        E       F      G
               +--------+--------+--------+--------+--------+-----+--------+
         Total |   9544 |   9149 |    395 |    507 |   7215 |   7 | 1363.4 |
       Dungeon |   9544 |   9149 |    395 |    507 |   7215 |   7 | 1363.4 |
               +--------+--------+--------+--------+--------+-----+--------+

Top non-repeatable levels by time:
     D:3: 1915 daAuts
     D:6: 1897 daAuts
     D:2: 1847 daAuts
     D:4: 1610 daAuts
     D:5: 1012 daAuts
     D:1: 859 daAuts
     D:7: 400 daAuts
